 Dungeon Crawl Stone Soup version 0.28.0-53-g5a82cb258f (webtiles) character file.

Game seed: 14038769489415390990

44 MiltankisOP the Sneak (level 3, -1/18 HPs)
             Began as a Vine Stalker Brigand on June 19, 2022.
             Slain by a kobold
             ... wielding a +0 short sword
              (2 damage)
             ... on level 2 of the Dungeon.
             The game lasted 00:01:40 (1255 turns).

MiltankisOP the Sneak (Vine Stalker Brigand)        Turns: 1255, Time: 00:01:41

Health: -1/18      AC:  3    Str: 13    XL:     3   Next: 62%
Magic:  0/4        EV: 11    Int: 11    God:
Gold:   79         SH:  0    Dex: 17    Spells: 2/2 levels left

rFire   + . .      SeeInvis .   a - +2 dagger
rCold   + . .      Faith    .   (no shield)
rNeg    . . .      Spirit   +   b - +0 robe
rPois   +          Reflect  .   (no helmet)
rElec   +          Harm     .   c - +0 cloak
rCorr   +          Rampage  .   (no gloves)
Will    .....                   (no boots)
Stlth   +++.......              (no amulet)
HPRegen 0.06/turn               (no ring)
MPRegen 0.09/turn               (no ring)

@: resistant
A: fangs 2, magic shield, antimagic bite, no potion heal 2
a: no special abilities


You were on level 2 of the Dungeon.
You visited 1 branch of the dungeon, and saw 2 of its levels.

You collected 79 gold pieces.

Inventory:

Hand Weapons
 a - a +2 dagger (weapon)
Missiles
 d - 8 poisoned darts (quivered)
 e - 2 curare-tipped darts
Armour
 b - a +0 robe (worn)
 c - a +0 cloak (worn)
Scrolls
 f - 2 scrolls of amnesia {unknown}
 h - a scroll of teleportation {unknown}
 i - a scroll of identify {unknown}
 k - a scroll of immolation {unknown}
 l - a scroll of noise {unknown}
Potions
 g - a potion of cancellation {unknown}


   Skills:
 - Level 1.8 Fighting
 + Level 3.3 Short Blades
 - Level 1.8 Throwing
 - Level 0.8 Dodging
 - Level 4.9 Stealth


You had 2 spell levels left.
You didn't know any spells.
Your spell library was empty.

Dungeon Overview and Level Annotations

Branches:
Dungeon (2/15)

Altars:


Innate Abilities, Weirdness & Mutations

You have extremely sharp teeth.
When hurt, damage is shared between your health and your magic reserves.
Your bite disrupts and absorbs the magic of your enemies.
Potions cannot restore your health.


Message History

You feel invigorated.
The adder is moderately wounded.
You feel sick. The adder barely misses you.
You hit the adder.
The adder is heavily wounded.
The adder bites you.
A hobgoblin comes into view.
You hit the adder.
You kill the adder!
You feel sick.
You hit the endoplasm. You bite the endoplasm. You drain its power.
You feel invigorated.
The endoplasm is severely wounded.
You feel sick. The hobgoblin closely misses you. The endoplasm freezes you.
You are frozen.
* * * LOW HITPOINT WARNING * * *
It was a potion of resistance.
You feel protected.
* * * LOW HITPOINT WARNING * * *
You feel sick.
You are no longer poisoned.
The hobgoblin hits you. The endoplasm closely misses you.
You hit the endoplasm.
You kill the endoplasm!
The hobgoblin misses you.
You hit the endoplasm.
You bite the endoplasm, but do no damage.
The endoplasm is severely wounded.
The endoplasm barely misses you. The hobgoblin closely misses you.
You hit the endoplasm.
You kill the endoplasm!
The hobgoblin closely misses you.
You hit the hobgoblin.
The hobgoblin is moderately wounded.
The hobgoblin barely misses you.
You barely miss the hobgoblin. Your bite misses the hobgoblin.
The hobgoblin is moderately wounded.
The kobold hits you with a +0 short sword.
You die...

.# ##...#
#......# # #...
#.####..###
#......#
.$#....# .##....
..(#.##.#
#.....#.. #.##.#
#... #.####.##.#
#...#.#.....##.#
##K##..#####.#
#@#....# #.#
#g##....# #.#
#?#.............
###..>...####
.....##.#
#.........
##.##.##.## ##
#.# .#


You could see a hobgoblin and a kobold.

Vanquished Creatures
  An adder (D:2)
  A bat (D:1)
  5 endoplasms
  3 giant cockroaches
  3 goblins
  3 hobgoblins
  8 ball pythons
  4 frilled lizards (D:1)
  A kobold (D:1)
  4 rats
33 creatures vanquished.

Notes
Turn   | Place    | Note
-------+----------+-------------------------------------------
     0 | D:1      | MiltankisOP the Vine Stalker Brigand began the quest for
                  | the Orb.
     0 | D:1      | Reached XP level 1. HP: 11/11 MP: 2/2
   297 | D:1      | Reached XP level 2. HP: 10/15 MP: 1/3
   749 | D:1      | You fall into a shaft and drop 1 floor!
   830 | D:1      | Found a faded altar of an unknown god.
   963 | D:2      | Reached XP level 3. HP: 18/18 MP: 4/4
  1255 | D:2      | Slain by a kobold

Illustrated notes

Levels and vault maps discovered:
D:1:      dpeg_arrival_simpleton_a, layout_rooms,
          hellmonk_ecumenical_altar_lost_god
D:2:      layout_loops_ring, minmay_vboxes

Skill      XL: |  1  2  3 |
---------------+----------+-----
Short Blades   | 2 3 |  3.3
Fighting       | |  1.8
Throwing       | |  1.8
Dodging        | |  0.8
Stealth        | |  4.9

Action                   || total
-------------------------++-------
Melee: Dagger            ||    69
       Bite              ||    18
  Use: Potion            ||     1
 Stab: Sleeping          ||     5
Armor: Robe              ||    10
Dodge: Dodged            ||    35
